AoeStats
← Launger

African Clearing

506405195Analyzed
4v4 RM · 20d ago on Sep 13, 2026· 52m 42s· 8 players
Game mode
Random Map
Map size
Large (8 player)
Population
200
Speed
Normal
Resources
Standard
Victory
Conquest
Starting age
Dark Age
Ending age
Imperial Age
RankedLock teamsTeams togetherTeam positionsShared explorationLock speedFull tech treeHidden civsTurbo modeCheats
Victory
Defeat
🇵🇱 Persians · Poland
1068
+15
🇨🇳 Wu · China
1064
+15
🇩🇪 Spanish · Germany
998
+17
🇪🇸 Cumans · Spain
974
+18
🇬🇧 Huns · United Kingdom
1041
-17
🇹🇷 Mongols · Türkiye
1037
-16
🇬🇧 Persians · United Kingdom
1033
-16
🇬🇧 Ethiopians · United Kingdom
1030
-16
iBenj
13:45 Feudal Age
14:10 Double-Bit Axe
21:09 Castle Age
21:27 Forging
21:48 Loom
37:00 Imperial Age
35:56 Bloodlines
35:47 Husbandry
38:18 Scale Barding Armor
38:49 Iron Casting
41:06 Wheelbarrow
40:19 Cavalier
47:21 Savar
50:29 Hand Cart
52:29 Light Cavalry
Kabraxxxis
9:42 Loom
13:00 Feudal Age
14:03 Double-Bit Axe
19:57 Wheelbarrow
19:50 Man-at-Arms
24:10 Town Watch
35:08 Castle Age
34:02 Stone Mining
34:04 Gold Mining
37:17 Padded Archer Armor
37:07 Fletching
40:11 Stone Shaft Mining
40:14 Gold Shaft Mining
39:59 Leather Archer Armor
39:39 Bodkin Arrow
40:53 Bodkin Arrow
41:22 Ballistics
41:18 Scale Barding Armor
44:43 Bow Saw
49:38 Imperial Age
dyogomask2
4:35 Loom
15:29 Feudal Age
16:19 Double-Bit Axe
17:02 Gold Mining
19:02 Stone Mining
18:55 Horse Collar
21:06 Fletching
21:16 Padded Archer Armor
27:28 Castle Age
25:49 Forging
25:40 Scale Mail Armor
26:36 Scale Mail Armor
27:35 Crossbowman
28:40 Bow Saw
28:45 Squires
30:38 Bodkin Arrow
31:48 Ballistics
32:46 Murder Holes
33:06 Masonry
33:04 Thumb Ring
36:27 Heavy Plow
41:13 Imperial Age
39:34 Arson
41:51 Iron Casting
42:06 Gold Shaft Mining
42:10 Stone Shaft Mining
42:29 Bracer
44:20 Blast Furnace
44:03 Elite Skirmisher
47:09 Leather Archer Armor
punctuletzzz1
4:01 Loom
4:51 Loom
5:29 Loom
6:09 Loom
6:25 Loom
6:49 Loom
18:20 Feudal Age
23:31 Man-at-Arms
32:05 Castle Age
30:30 Stone Mining
43:05 Wheelbarrow
45:31 Town Watch
Gangolf Eierschmalz
8:08 Loom
16:08 Feudal Age
21:05 Castle Age
32:02 Horse Collar
33:24 Heavy Plow
34:58 Double-Bit Axe
42:24 Imperial Age
39:40 Town Watch
40:34 Wheelbarrow
42:16 Ballistics
41:57 Murder Holes
42:47 Elite Conquistador
44:25 Supremacy
47:11 Chemistry
46:52 Capped Ram
51:49 Town Patrol
52:05 Hand Cart
52:12 Bow Saw
Launger
8:07 Loom
14:18 Feudal Age
34:08 Castle Age
43:18 Double-Bit Axe
47:10 Bow Saw
48:37 Wheelbarrow
50:42 Hand Cart
John Kalztan
7:46 Loom
14:42 Feudal Age
15:39 Double-Bit Axe
17:08 Horse Collar
24:20 Fletching
27:09 Castle Age
26:06 Scale Barding Armor
26:42 Padded Archer Armor
27:53 Bodkin Arrow
28:09 Stone Mining
29:00 Bow Saw
29:32 Leather Archer Armor
32:00 Heavy Plow
32:57 Wheelbarrow
34:30 Town Watch
38:53 Imperial Age
36:41 Hand Cart
36:56 Chain Barding Armor
37:21 Steppe Husbandry
40:15 Ballistics
40:56 Chemistry
40:19 Conscription
41:16 Thumb Ring
41:43 Parthian Tactics
40:49 Elite Kipchak
42:56 Onager
46:33 Two-Man Saw
45:21 Light Cavalry
46:13 Bloodlines
47:03 Ring Archer Armor
47:10 Plate Barding Armor
46:45 Forging
48:06 Town Patrol
47:53 Hussar
50:56 Iron Casting
51:46 Elite Steppe Lancer
1361331795
3:22 Loom
4:03 Loom
14:43 Feudal Age
16:28 Man-at-Arms
20:02 Arson
22:51 Horse Collar
29:20 Castle Age
27:13 Double-Bit Axe
31:16 Heavy Plow
31:27 Bow Saw
31:27 Squires
30:48 Pikeman
32:47 Fletching
32:58 Scale Mail Armor
34:01 Red Cliffs Tactics
35:15 Bodkin Arrow
37:19 Chain Mail Armor
42:23 Forging
45:04 Wheelbarrow
45:07 Iron Casting
44:33 Padded Archer Armor
47:01 Hand Cart
49:19 Stone Mining
49:20 Gold Mining
50:22 Leather Archer Armor
54:01 Imperial Age
52:12 Ballistics
Connection lost

Rejoining the realm…

Still unreachable

The connection could not be restored.

Session expired

The server has moved on; the page needs a fresh start.